Unix NetHack Version 5.0.0-0 post-release - last build May 10 2026 23:12:36 (d1fa5d53e341ca933230fdaa984d921c805b60aa,branch:main).

Game began 2026-05-12 17:18:49, ended 2026-05-12 18:31:43.

Ackbladder, lawful male human Knight

                                                                    ------
                                                                    |....|
                                                                    .....|
                                                                    |.%%.|
                                                                    |...<|
                                                                    |..).|
                                                                    |....|
                                                                    ----.-
                                                                        #
                                                                      #%%
                                                                      #
                                                                      u
                                                                      @
                                                                      @
                                                                     -.-
                                                                    >....
                                                                   |......|
                                                                   --------

Ackbladder the Bachelor  St:11 Dx:10 Co:14 In:3 Wi:9 Ch:17  Lawful
Dlvl:7  $:384 HP:0(43) Pw:51(51) AC:3  Xp:6 T:5376  Satiated Stressed

Latest messages:
 You see here 5 daggers.
 Rocinante picks up a gnome lady corpse.
 Rocinante drops a gnome lady corpse.
 Rocinante picks up a gnome lady corpse.
 Rocinante drops a gnome lady corpse.
 There is a doorway here.
 You see here a gnome lady corpse.
 You stop.  Rocinante is in the way!
 You swap places with Rocinante.
 Rocinante picks up a gnome lady corpse.
 Rocinante drops a gnome lady corpse.
 Rocinante drops a gnome lady corpse.
 Rocinante drops a gnome lady corpse.
 The Woodland-elf swings his elven broadsword.
 The Woodland-elf hits!
 You see here a gnome lady corpse.
 The Woodland-elf swings his elven broadsword.
 The Woodland-elf hits!
 Rocinante misses it.
 Rocinante bites it.
 It misses Rocinante.
 Rocinante misses it.
 Rocinante bites it.
 Rocinante hits it.
 The Woodland-elf swings his elven broadsword.
 The Woodland-elf hits!
 Are you sure you want to pray? [yn] (n) y
 You begin praying to Lugh.
 You are surrounded by a shimmering light.
 You hear some noises.
 The Woodland-elf starts to attack you, but pulls back.
 The Woodland-elf starts to attack you, but pulls back.
 The Woodland-elf starts to attack you, but pulls back.
 You finish your prayer.
 You feel that Lugh is well-pleased.
 You feel much better.
 Rocinante drops a killer bee corpse.
 The Woodland-elf swings his elven broadsword.
 The Woodland-elf hits!
 You hit the Woodland-elf!
 The Woodland-elf swings his elven broadsword.
 The Woodland-elf hits!
 The Woodland-elf swings his elven broadsword.
 The Woodland-elf hits!
 You don't have enough stamina to move.
 The Woodland-elf swings his elven broadsword.
 The Woodland-elf hits!
 You die...
 Do you want your possessions identified? [ynq] (y) y
 Do you want to see your attributes? [ynq] (y) q

Inventory:
 Coins    ('$')
  $ - 384 gold pieces
 Weapons  (')')
  n - a cursed -1 bullwhip
  a - the blessed rustproof +1 Excalibur (weapon in left hand)
  b - a +1 lance (alternate weapon; not wielded)
 Armor    ('[')
  d - an uncursed +0 helmet (being worn)
  f - an uncursed +0 pair of leather gloves (being worn)
  S - an uncursed +0 pair of high boots
  e - an uncursed +0 small shield (being worn)
  c - an uncursed +1 ring mail (being worn)
 Comestibles  ('%')
  g - 7 uncursed apples
  h - 12 uncursed carrots
  Z - 3 cursed food rations
  k - an uncursed tripe ration
 Scrolls  ('?')
  F - 2 uncursed scrolls of confuse monster
  U - 2 uncursed scrolls of create monster
  q - an uncursed scroll of enchant armor
  J - 2 uncursed scrolls of enchant weapon
  m - an uncursed scroll of food detection
  D - an uncursed scroll of genocide
  L - 3 uncursed scrolls of gold detection
  x - an uncursed scroll of identify
  t - 4 uncursed scrolls of light
  E - an uncursed scroll of magic mapping
  C - an uncursed scroll of scare monster
  T - a cursed scroll of stinking cloud
 Spellbooks  ('+')
  A - an uncursed spellbook of protection
 Potions  ('!')
  s - an uncursed potion of booze
  P - 2 cursed potions of healing
  X - a cursed potion of object detection
  M - a cursed potion of sickness
  B - an uncursed potion of speed
  y - an uncursed potion of water
 Rings    ('=')
  w - a cursed ring of aggravate monster
  r - a cursed ring of hunger
 Wands    ('/')
  Y - a wand of create monster (0:0)
  j - a wand of light (0:13)
  l - a wand of magic missile (0:4)
  R - a wand of make invisible (0:3)
 Tools    ('(')
  Q - an uncursed towel

Ackbladder the Knight's attributes:

Background:
 You were a Bachelor, a level 6 male human Knight.
 You were lawful, on a mission for Lugh
 who was opposed by Brigit (neutral) and Manannan Mac Lir (chaotic).
 You were left-handed.
 You were in the Dungeons of Doom, on level 7.
 You entered the dungeon 5376 turns ago.
 You had 394 experience points, 246 more were needed to attain level 7.

Basics:
 You had 0 out of 43 hit points.
 You had all 51 energy points (spell power).
 Your armor class was 3.
 Your wallet contained 384 zorkmids.
 Autopickup was off.

Final Characteristics:
 Your strength was 11 (peak:14, limit:18/100).
 Your dexterity was 10 (peak:11, limit:18).
 Your constitution was 14 (limit:18).
 Your intelligence was 3 (peak:8, limit:18).
 Your wisdom was 9 (peak:14, limit:18).
 Your charisma was 17 (limit:18).

Final Status:
 You were satiated.
 You were stressed; movement was moderately slowed.
 You were wielding a long sword.
 You were skilled in long sword.

Final Attributes:
 You were piously aligned.
 You were level-drain resistant.
 You saw invisible.
 You were telepathic.
 You had automatic searching.
 You could jump.
 You were warded.
 Your spell casting was impaired by metallic armor.
 You are dead.

Miscellaneous:
 You didn't encounter any bones levels.
 Total elapsed playing time was 1 hour, 12 minutes and 53 seconds.

Major events:
 Turn
    1: Ackbladder the lawful male human Knight entered the dungeon
  715: attained the rank of Esquire (level 3)
 4681: was given Excalibur by the Lady of the Lake
 4780: attained the rank of Bachelor (level 6)
 5376: killed by a Woodland-elf

Spells:
 Name                 Level Category     Fail Retention
 protection             1   clerical      53%  76%-100%

Skills:
 Fighting Skills
   bare handed combat [Unskilled]
   two weapon combat  [Unskilled]
   riding             [Basic]
 Weapon Skills
   dagger             [Unskilled]
   knife              [Unskilled]
   axe                [Unskilled]
   pick-axe           [Unskilled]
   short sword        [Unskilled]
   broadsword         [Unskilled]
   long sword         [Skilled]
   two-handed sword   [Unskilled]
   saber              [Unskilled]
   club               [Unskilled]
   mace               [Unskilled]
   morning star       [Unskilled]
   flail              [Unskilled]
   hammer             [Unskilled]
   polearms           [Unskilled]
   spear              [Unskilled]
   trident            [Unskilled]
   lance              [Basic]
   bow                [Unskilled]
   crossbow           [Unskilled]
 Spellcasting Skills
   attack spells      [Unskilled]
   healing spells     [Unskilled]
   clerical spells    [Unskilled]

Voluntary challenges:
 Character rerolling was not enabled.
 You never genocided any monsters.
 You never polymorphed an object.
 You never changed form.
 You used no wishes.
Achievements:
 You attained the rank of Esquire.
 You entered a shop.
 You attained the rank of Bachelor.

 The Dungeons of Doom: levels 1 to 7
    Level 1:
       Some fountains.
    Level 2:
    Level 3:
       A scroll shop.
    Level 4:
       A fountain.
    Level 5:
    Level 6:
       A fountain.
    Level 7: <- You were here.
       Final resting place for
          you, killed by a Woodland-elf.


Vanquished creatures:
  a dwarf ruler
  a gnome ruler
  a lizard
  a Woodland-elf
  6 bugbears
  a mountain nymph
 an Uruk-hai
  2 rock piercers
  2 gnome leaders
  a giant ant
  a floating eye
  a kitten
  a homunculus
  a hill orc
  4 rothes
  a giant bat
  4 orc zombies
  a dwarf zombie
  a wererat
  5 iguanas
  3 killer bees
 an acid blob
  a coyote
  3 gas spores
  8 manes
  8 hobgoblins
  4 giant rats
  6 cave spiders
  a red mold
 13 gnomes
  4 garter snakes
  a gnome zombie
  6 geckos
  9 jackals
  a fox
  3 kobolds
  7 goblins
  5 sewer rats
  5 grid bugs
  7 lichens
  a kobold zombie
  6 newts
140 creatures vanquished.

No species were genocided or became extinct.

Game over:
                       ----------
                      /          \
                     /    REST    \
                    /      IN      \
                   /     PEACE      \
                  /                  \
                  |    Ackbladder    |
                  |      384 Au      |
                  |   killed by a    |
                  |   Woodland-elf   |
                  |                  |
                  |                  |
                  |       2026       |
                 *|     *  *  *      | *
        _________)/\\_//(\/(/\)/\//\/|_)_______

Fare thee well Ackbladder the Knight...

You died in The Dungeons of Doom on dungeon level 7 with 2242 points,
and 384 pieces of gold, after 5376 moves.
You were level 6 with a maximum of 43 hit points when you died.

